[Event "Fagernes GM-A 2019"]
[Site "Fagernes"]
[Date "2019.04.18"]
[Round "1"]
[White "Vestby-Ellingsen, Mads"]
[Black "Machlik, Monika"]
[Result "1-0"]
[ECO "A28"]
[WhiteElo "2333"]
[BlackElo "2059"]
[Annotator "NA"]
[PlyCount "247"]
[EventDate "2019.04.14"]
[EventType "tourn"]
[EventCountry "NOR"]
[SourceTitle "playchess.com"]
[Source "ChessBase"]
[SourceQuality "1"]
[TimeControl "40/7200:3600"]

1. c4 e5 2. Nc3 Nf6 3. Nf3 Nc6 4. e4 Bb4 5. d3 h6 6. Be2 d6 7. a3 Bxc3+ 8. bxc3 O-O 9. O-O Qe7 10. Ne1 Ne8 11. Rb1 Nd8 12. f4 exf4 13. Bxf4 f5 14. exf5 Bxf5 15. Nc2 Ne6 16. Bg3 c6 17. Qd2 Nc5 18. Nd4 Bg6 19. Rxf8+ Qxf8 20. Rf1 Qe7 21. Nf5 Bxf5 22. Rxf5 Nf6 23. h3 Re8 24. Bf1 Qe6 25. Qf2 Nce4 26. Rxf6 Nxf6 27. Qxa7 Nh5 28. Bf2 Qf7 29. Qd4 Qf4 30. g3 Qxd4 31. cxd4 Kf7 32. a4 Nf6 33. a5 Ng8 34. g4 Nf6 35. Bg3 Ke7 36. Be2 Ra8 37. Be1 Kd7 38. Kf2 Re8 39. Bd2 Rf8 40. Kg3 Re8 41. Bf3 Rf8 42. h4 Ng8 43. Be3 Ne7 44. h5 Ke6 45. Bd2 Ra8 46. Bc3 d5 47. Bd2 Ng8 48. Bb4 Nf6 49. Bd2 Nh7 50. Bb4 Ng5 51. Bg2 Rd8 52. Bc3 Ra8 53. Bb4 Nh7 54. Bf3 Nf6 55. Bd2 Ra6 56. Kf2 Nh7 57. Ke2 Ng5 58. Bg2 Ra8 59. Bb4 Nf7 60. Ke3 Nd6 61. Bf1 Re8 62. Be2 Kf6+ 63. Kf2 Nf7 64. Bf3 Rd8 65. Bc3 Ng5 66. Bg2 Ke6 67. Ke3 Ra8 68. Kf2 Re8 69. Ke3 Ra8 70. Kf2 Ra6 71. Ke3 Ra8 72. Kf2 Nf7 73. Ke3 Nd6 74. Bf1 Ra6 75. Be2 Nf7 76. Bb4 Nd6 77. Bc3 Ne8 78. Bb4 Nf6 79. Bf8 Kf7 80. Bb4 Ke6 81. Bf8 Ne8 82. Bb4 b6 83. axb6 Rxb6 84. Bd2 Rb3 85. Kf2 Nd6 86. Bf4 Rb4 87. Be5 Ne8 88. Bf4 Nf6 89. Be5 Rb2 90. Ke3 Rb1 91. Kf2 Ra1 92. Ke3 Ra2 93. Bf3 Ra3 94. Ke2 Ra7 95. Ke3 Ra4 96. Be2 Ra7 97. Bf3 Nh7 98. Be2 Ng5 99. Bf1 Ra3 100. cxd5+ cxd5 101. Bxg7 Nf7 102. Bf8 Ra8 103. Bb4 Rb8 104. Bd2 Rg8 105. Be2 Ng5 106. Kf4 Rf8+ 107. Kg3 Kf6 108. Bf4 Re8 109. Be5+ Kf7 110. Bf1 Ke6 111. Bg7 Nf7 112. g5 Nxg5 113. Bxh6 Rg8 114. Bxg5 Rxg5+ 115. Kf4 Rxh5 116. Be2 Rh8 117. Ke3 Rf8 118. Kd2 Kd6 119. Bg4 Rf4 120. Be2 Rxd4 121. Ke3 Ra4 122. Kd2 Ra5 123. Ke3 Ra7 124. Kf2 1-0

[Event "Fagernes GM-A 2019"]
[Site "Fagernes"]
[Date "2019.04.18"]
[Round "1"]
[White "Ingebretsen, Jens E"]
[Black "Grover, Sigurd Loe"]
[Result "1-0"]
[ECO "D34"]
[WhiteElo "2300"]
[BlackElo "2020"]
[Annotator "NA"]
[PlyCount "108"]
[EventDate "2019.04.14"]
[EventType "tourn"]
[EventCountry "NOR"]
[SourceTitle "playchess.com"]
[Source "ChessBase"]
[SourceQuality "1"]
[TimeControl "40/7200:3600"]

1. c4 e6 2. g3 d5 3. Bg2 c5 4. cxd5 exd5 5. d4 Nf6 6. Nf3 Nc6 7. O-O Be7 8. Nc3 O-O 9. dxc5 Bxc5 10. Bg5 d4 11. Bxf6 Qxf6 12. Ne4 Qe7 13. Nxc5 Qxc5 14. Qd2 Re8 15. Rfd1 Bf5 16. Rac1 Qb5 17. Bf1 Bg4 18. Nxd4 Nxd4 19. Qxd4 Bxe2 20. Rc5 Qxc5 21. Qxc5 Bxd1 22. Qd5 Bc2 23. Qxb7 Rab8 24. Qd7 Rbd8 25. Qc7 Bf5 26. Qa5 g6 27. f3 Rd1 28. Kf2 Rc8 29. Be2 Rc2 30. Ke3 Rdd2 31. Qxd2 Rxd2 32. Kxd2 Kf8 33. Bd3 Bc8 34. Kc3 Ke7 35. Kb4 Kd6 36. f4 Bb7 37. b3 f6 38. Ka5 Kc5 39. Ba6 Be4 40. Bc8 Bd3 41. b4+ Kd4 42. a4 g5 43. fxg5 fxg5 44. b5 Bc2 45. Kb4 Kd5 46. a5 Kd6 47. Bb7 Kc7 48. Bf3 Bg6 49. Kc5 h5 50. b6+ axb6+ 51. axb6+ Kb8 52. Kd6 h4 53. g4 h3 54. Ke5 Bd3 1-0

[Event "Fagernes GM-A 2019"]
[Site "Fagernes"]
[Date "2019.04.18"]
[Round "1"]
[White "Efroimski, Marsel"]
[Black "Isha Sharma"]
[Result "1-0"]
[ECO "C13"]
[WhiteElo "2287"]
[BlackElo "1989"]
[Annotator "NA"]
[PlyCount "75"]
[EventDate "2019.04.14"]
[EventType "tourn"]
[EventCountry "NOR"]
[SourceTitle "playchess.com"]
[Source "ChessBase"]
[SourceQuality "1"]
[TimeControl "40/7200:3600"]

1. e4 e6 2. d4 d5 3. Nc3 Nf6 4. Bg5 dxe4 5. Nxe4 Nbd7 6. Nxf6+ gxf6 7. Bh4 c5 8. d5 Qb6 9. dxe6 fxe6 10. Qh5+ Ke7 11. O-O-O Qb4 12. Bg3 e5 13. Nf3 Bg7 14. a3 Qa4 15. Bd3 c4 16. Be4 c3 17. Bd5 Kd8 18. Qf7 cxb2+ 19. Kxb2 Bf8 20. Rd3 Bc5 21. Rhd1 Re8 22. Be6 Rxe6 23. Qxe6 Kc7 24. Nxe5 fxe5 25. Bxe5+ Kd8 26. Rg3 Bf8 27. Rf3 Qb5+ 28. Ka2 Qc5 29. Qf6+ Qe7 30. Qxf8+ Qxf8 31. Rxf8+ Ke7 32. Bd6+ Ke6 33. Rh8 Nf6 34. Bb4 a5 35. Bc3 Nd5 36. Kb2 Nb6 37. Rdd8 Na4+ 38. Kb3 1-0

[Event "Fagernes GM-A 2019"]
[Site "Fagernes"]
[Date "2019.04.18"]
[Round "1"]
[White "Lillevold, Frode"]
[Black "Mihajlov, Sebastian"]
[Result "0-1"]
[ECO "E82"]
[WhiteElo "2076"]
[BlackElo "2361"]
[Annotator "NA"]
[PlyCount "66"]
[EventDate "2019.04.14"]
[EventType "tourn"]
[EventCountry "NOR"]
[SourceTitle "playchess.com"]
[Source "ChessBase"]
[SourceQuality "1"]
[TimeControl "40/7200:3600"]

1. d4 Nf6 2. c4 g6 3. Nc3 Bg7 4. e4 d6 5. f3 O-O 6. Be3 b6 7. Qd2 c5 8. d5 e6 9. Nge2 exd5 10. cxd5 Ba6 11. Ng3 Bxf1 12. Kxf1 Nbd7 13. Bh6 Kh8 14. h4 Bxh6 15. Qxh6 Ng8 16. Qf4 Ne5 17. Nd1 h5 18. Nf2 b5 19. Kg1 a5 20. Qd2 Qf6 21. Qg5 Qg7 22. Re1 Rae8 23. f4 Nd7 24. e5 f6 25. Nxh5 fxg5 26. Nxg7 Kxg7 27. e6 Nb6 28. Ne4 Nxd5 29. Nxd6 Re7 30. Nxb5 Nxf4 31. Re5 Nxe6 32. hxg5 Nf4 33. Rxe7+ Nxe7 0-1

[Event "Fagernes GM-A 2019"]
[Site "Fagernes"]
[Date "2019.04.18"]
[Round "1"]
[White "Holleland, Sigve"]
[Black "Gullaksen, Eirik"]
[Result "1/2-1/2"]
[ECO "A45"]
[WhiteElo "2024"]
[BlackElo "2324"]
[Annotator "NA"]
[PlyCount "57"]
[EventDate "2019.04.14"]
[EventType "tourn"]
[EventCountry "NOR"]
[SourceTitle "playchess.com"]
[Source "ChessBase"]
[SourceQuality "1"]
[TimeControl "40/7200:3600"]

1. d4 Nf6 2. Bf4 g6 3. Nc3 d5 4. e3 Bg7 5. h4 h5 6. Nf3 Bf5 7. Be2 c6 8. Qd2 Nbd7 9. Ne5 Ng4 10. Nxg4 hxg4 11. O-O-O e5 12. dxe5 Qe7 13. f3 gxf3 14. gxf3 Nxe5 15. e4 dxe4 16. Bg5 f6 17. fxe4 Bg4 18. Bf4 Bxe2 19. Nxe2 Rd8 20. Qa5 Rxd1+ 21. Rxd1 Rxh4 22. Qxa7 Bh6 23. Bxh6 Rxh6 24. Qe3 Qh7 25. Qb6 Qe7 26. Qb3 Qf7 27. Qb6 Qe7 28. Qb3 Qf7 29. Qb6 1/2-1/2

[Event "Fagernes GM-A 2019"]
[Site "Fagernes"]
[Date "2019.04.18"]
[Round "1"]
[White "Fuglestein, Sander"]
[Black "Hobber, Anders"]
[Result "0-1"]
[ECO "D13"]
[WhiteElo "2000"]
[BlackElo "2295"]
[Annotator "NA"]
[PlyCount "104"]
[EventDate "2019.04.14"]
[EventType "tourn"]
[EventCountry "NOR"]
[SourceTitle "playchess.com"]
[Source "ChessBase"]
[SourceQuality "1"]
[TimeControl "40/7200:3600"]

1. d4 d5 2. c4 c6 3. cxd5 cxd5 4. Nf3 Nf6 5. Nc3 Nc6 6. Bf4 e6 7. e3 Be7 8. Bd3 Nh5 9. Bg3 O-O 10. Qe2 Bd7 11. a3 Rc8 12. Ne5 g6 13. Nxc6 bxc6 14. Ba6 Nxg3 15. hxg3 Rb8 16. b4 Bf6 17. Rc1 e5 18. dxe5 Bxe5 19. Na4 h5 20. Nc5 Bg4 21. Qd2 Re8 22. Be2 Bf5 23. Nd3 Bg7 24. Nf4 d4 25. exd4 Bxd4 26. Rd1 c5 27. O-O Qf6 28. Bc4 Rbd8 29. Rfe1 Be4 30. Qa2 h4 31. Qb3 Kg7 32. Nh3 Bf5 33. Qf3 Bxh3 34. Qxf6+ Kxf6 35. Rxe8 Rxe8 36. gxh3 hxg3 37. bxc5 gxf2+ 38. Kg2 Bxc5 39. Rd7 Re1 40. Rxf7+ Kg5 41. h4+ Kxh4 42. Bf1 Re4 43. Rh7+ Kg5 44. Rh3 Rg4+ 45. Rg3 Rxg3+ 46. Kxg3 Bxa3 47. Kxf2 Kf4 48. Bd3 g5 49. Ba6 g4 50. Bb7 a5 51. Bc6 Bc5+ 52. Ke2 g3 0-1

[Event "Fagernes GM-A 2019"]
[Site "Fagernes"]
[Date "2019.04.18"]
[Round "1"]
[White "Gronnestad, Anita"]
[Black "Sisatto, Olli"]
[Result "0-1"]
[ECO "E06"]
[WhiteElo "1954"]
[BlackElo "2276"]
[Annotator "NA"]
[PlyCount "70"]
[EventDate "2019.04.14"]
[EventType "tourn"]
[EventCountry "NOR"]
[SourceTitle "playchess.com"]
[Source "ChessBase"]
[SourceQuality "1"]
[TimeControl "40/7200:3600"]

1. c4 e6 2. d4 Nf6 3. g3 d5 4. Bg2 c5 5. Nf3 Nc6 6. O-O Be7 7. cxd5 Nxd5 8. dxc5 Bxc5 9. Qc2 Be7 10. a3 O-O 11. Rd1 Bd7 12. e4 Nb6 13. Nc3 Rc8 14. h4 e5 15. Qe2 Qe8 16. Nd5 Bg4 17. Be3 Bd8 18. Bc5 Nd4 19. Bxd4 exd4 20. Rxd4 Nxd5 21. Rxd5 f5 22. e5 f4 23. Rf1 Bb6 24. Kh1 Qh5 25. Qd3 fxg3 26. fxg3 Bf5 27. Qd2 Be4 28. Rd3 Qg6 29. Rd6 Qxg3 30. Qg5 Rxf3 31. Qxg3 Rxf1+ 32. Kh2 Bg1+ 33. Kh1 Bf2+ 34. Kh2 Bxg3+ 35. Kxg3 Rg1 0-1

[Event "Fagernes GM-A 2019"]
[Site "Fagernes"]
[Date "2019.04.14"]
[Round "1.2"]
[White "Alekseev, Evgeny"]
[Black "Nordquelle, Daniel"]
[Result "1-0"]
[ECO "D30"]
[WhiteElo "2649"]
[BlackElo "2264"]
[Annotator "RC"]
[PlyCount "63"]
[EventDate "2019.04.14"]
[EventType "tourn"]
[EventCountry "NOR"]
[SourceTitle "playchess.com"]
[Source "ChessBase"]
[SourceQuality "1"]
[TimeControl "40/7200:3600"]

1. d4 d5 2. Nf3 Nf6 3. c4 e6 4. e3 a6 5. b3 Bb4+ 6. Nbd2 dxc4 7. bxc4 c5 8. Be2 Nc6 9. O-O O-O 10. Bb2 cxd4 11. exd4 Bd6 12. Bd3 Re8 13. Ne4 Nxe4 14. Bxe4 f5 15. Bc2 b5 16. c5 Bc7 17. Re1 Nb4 18. Bb3 Nd5 19. Rc1 Kh8 20. Ne5 Bxe5 21. Rxe5 Nc7 22. Qh5 a5 23. a3 b4 24. a4 Ba6 25. c6 Bd3 26. d5 exd5 27. Qf7 Rf8 28. Qd7 Re8 29. Qf7 Rxe5 30. Bxe5 Qg5 31. f4 Qg4 32. Bd1 1-0

[Event "Fagernes GM-A 2019"]
[Site "Fagernes"]
[Date "2019.04.15"]
[Round "2.5"]
[White "Turov, Maxim"]
[Black "Vestby-Ellingsen, Mads"]
[Result "1/2-1/2"]
[ECO "A35"]
[WhiteElo "2584"]
[BlackElo "2333"]
[Annotator "ChessBase"]
[PlyCount "67"]
[EventDate "2019.04.14"]
[EventType "tourn"]
[EventCountry "NOR"]
[SourceTitle "playchess.com"]
[Source "ChessBase"]
[SourceQuality "1"]
[TimeControl "40/7200:3600"]

1. c4 c5 2. Nc3 Nc6 3. Nf3 g6 4. e3 Nf6 5. d4 cxd4 6. exd4 d5 7. cxd5 Nxd5 8. Qb3 e6 9. Bb5 Bg7 10. O-O O-O 11. Bxc6 bxc6 12. Na4 Qc7 13. Bd2 Rb8 14. Qc2 Nb4 15. Bxb4 Rxb4 16. a3 Rb8 17. Qc3 Rd8 18. Nc5 Rd5 19. Rad1 Qd8 20. Rd2 e5 21. dxe5 Bg4 22. Rxd5 Qxd5 23. Re1 Bxf3 24. gxf3 Re8 25. f4 g5 26. Nd3 Qd7 27. Re3 gxf4 28. Nxf4 Qd1+ 29. Re1 Qg4+ 30. Qg3 Qxg3+ 31. hxg3 Rxe5 32. Rxe5 Bxe5 33. Nd3 Bd6 34. Kg2 1/2-1/2

[Event "Fagernes GM-A 2019"]
[Site "Fagernes"]
[Date "2019.04.15"]
[Round "2.6"]
[White "Hobber, Anders"]
[Black "Romanov, Evgeny"]
[Result "0-1"]
[ECO "E14"]
[WhiteElo "2295"]
[BlackElo "2576"]
[Annotator "ChessBase"]
[PlyCount "84"]
[EventDate "2019.04.14"]
[EventType "tourn"]
[EventCountry "NOR"]
[SourceTitle "playchess.com"]
[Source "ChessBase"]
[SourceQuality "1"]
[TimeControl "40/7200:3600"]

1. Nf3 Nf6 2. e3 b6 3. b3 Bb7 4. Bb2 e6 5. c4 d5 6. Nc3 Bd6 7. d4 O-O 8. Bd3 Nbd7 9. cxd5 exd5 10. O-O a6 11. Ne2 Qe7 12. Ng3 g6 13. Qc2 Rae8 14. Rac1 c6 15. Nd2 h5 16. Rfe1 h4 17. Ngf1 c5 18. h3 Bb8 19. Nf3 Ne4 20. Qe2 a5 21. dxc5 bxc5 22. Ba6 Ba8 23. Bb5 Rd8 24. Ba3 Bd6 25. N1d2 f5 26. Bb2 Ndf6 27. Ba1 g5 28. Nxe4 Nxe4 29. Nd2 Nf6 30. Bd3 Qh7 31. Nf3 g4 32. hxg4 Nxg4 33. Ng5 Qh6 34. f4 Qh5 35. Ne6 h3 36. gxh3 Qxh3 37. Qg2 Qh5 38. Nxf8 d4 39. e4 Rxf8 40. Bc4+ Kh7 41. Bd5 Bxf4 42. Rxc5 Bh2+ 0-1

[Event "Fagernes GM-A 2019"]
[Site "Fagernes"]
[Date "2019.04.15"]
[Round "2.7"]
[White "Vorobiov, Evgeny E."]
[Black "Ingebretsen, Jens E"]
[Result "1-0"]
[ECO "E12"]
[WhiteElo "2565"]
[BlackElo "2300"]
[Annotator "ChessBase"]
[PlyCount "55"]
[EventDate "2019.04.14"]
[EventType "tourn"]
[EventCountry "NOR"]
[SourceTitle "playchess.com"]
[Source "ChessBase"]
[SourceQuality "1"]
[TimeControl "40/7200:3600"]

1. d4 Nf6 2. c4 e6 3. Nf3 b6 4. a3 Bb7 5. Nc3 d5 6. cxd5 Nxd5 7. e3 Nxc3 8. bxc3 Bd6 9. Bd3 c5 10. e4 cxd4 11. cxd4 O-O 12. O-O Nc6 13. Bb2 Bf4 14. Qe2 Rc8 15. Rad1 Re8 16. Rfe1 Qc7 17. Bb5 Red8 18. g3 Bh6 19. d5 Na5 20. dxe6 fxe6 21. Ne5 Rxd1 22. Rxd1 Rd8 23. Bd7 Bc8 24. Qh5 Nc4 25. Qf7+ Kh8 26. Qe7 Nxb2 27. Nf7+ Kg8 28. Nxd8 1-0

[Event "Fagernes GM-A 2019"]
[Site "Fagernes"]
[Date "2019.04.15"]
[Round "2.9"]
[White "Blomqvist, Erik"]
[Black "Efroimski, Marsel"]
[Result "0-1"]
[ECO "B13"]
[WhiteElo "2496"]
[BlackElo "2287"]
[Annotator "ChessBase"]
[PlyCount "76"]
[EventDate "2019.04.14"]
[EventType "tourn"]
[EventCountry "NOR"]
[SourceTitle "playchess.com"]
[Source "ChessBase"]
[SourceQuality "1"]
[TimeControl "40/7200:3600"]

1. e4 c6 2. d4 d5 3. exd5 cxd5 4. Bd3 Nc6 5. c3 Qc7 6. Ne2 e5 7. dxe5 Nxe5 8. Bb5+ Bd7 9. Bxd7+ Qxd7 10. Bf4 Ng6 11. Be3 Nf6 12. Nd2 Be7 13. Nf3 O-O 14. O-O b5 15. Qc2 a5 16. Rad1 b4 17. Rd3 Qb7 18. Rfd1 Rfb8 19. b3 Rc8 20. Qb1 Bc5 21. h3 Bxe3 22. Rxe3 Re8 23. Rxe8+ Rxe8 24. Qd3 Ne5 25. Nxe5 Rxe5 26. Nd4 Qe7 27. Kf1 Qc5 28. f3 Qc7 29. cxb4 axb4 30. Qd2 Re8 31. Qxb4 Qh2 32. Re1 Ra8 33. a4 Nh5 34. Qb7 Rf8 35. Ne2 Re8 36. Kf2 Qe5 37. Qb4 Qe3+ 38. Kf1 d4 0-1

[Event "Fagernes GM-A 2019"]
[Site "Fagernes"]
[Date "2019.04.15"]
[Round "2.12"]
[White "Kizatbay, Abyl"]
[Black "Machlik, Edit"]
[Result "1-0"]
[ECO "B13"]
[WhiteElo "2108"]
[BlackElo "2109"]
[Annotator "NA"]
[PlyCount "79"]
[EventDate "2019.04.14"]
[EventType "tourn"]
[EventCountry "NOR"]
[SourceTitle "playchess.com"]
[Source "ChessBase"]
[SourceQuality "1"]
[TimeControl "40/7200:3600"]

1. e4 c6 2. d4 d5 3. exd5 cxd5 4. Nf3 Nc6 5. Ne5 e6 6. Bb5 Bd7 7. Nxd7 Qxd7 8. c3 Nf6 9. Bf4 Be7 10. O-O O-O 11. Nd2 a6 12. Bd3 Rac8 13. Qe2 Qd8 14. g4 Ne8 15. Nf3 Nd6 16. Ne5 Nxe5 17. dxe5 Nc4 18. Rad1 $11 Qc7 19. Bg3 Qb6 20. Bf4 Qa5 21. Bb1 Qb6 22. Bc1 Qc7 23. f4 g6 24. Kh1 Rfe8 25. Rf3 Bf8 26. Re1 Bg7 27. b3 Na5 28. Ba3 Nc6 29. Qf2 f6 30. exf6 Bxf6 31. Rh3 Qa5 32. Bd6 Rcd8 33. Be5 Nxe5 34. fxe5 Bh8 35. Qh4 Qc7 36. Bxg6 Re7 37. Bb1 Rg7 38. g5 Qe7 39. Qh6 Rf8 40. g6 1-0

[Event "Fagernes GM-A 2019"]
[Site "Fagernes"]
[Date "2019.04.15"]
[Round "2.13"]
[White "Bentsen, Hakon"]
[Black "Dahl, Trygve"]
[Result "1/2-1/2"]
[ECO "B47"]
[WhiteElo "2155"]
[BlackElo "2275"]
[Annotator "NA"]
[PlyCount "118"]
[EventDate "2019.04.14"]
[EventType "tourn"]
[EventCountry "NOR"]
[SourceTitle "playchess.com"]
[Source "ChessBase"]
[SourceQuality "1"]
[TimeControl "40/7200:3600"]

1. e4 c5 2. Nf3 Nc6 3. d4 cxd4 4. Nxd4 Qc7 5. Nc3 e6 6. g3 a6 7. Bg2 Nf6 8. O-O h5 9. Bf4 e5 10. Nxc6 dxc6 11. Bg5 Be7 12. Qe2 Be6 13. Rfd1 g6 14. h4 O-O 15. b3 $11 b5 16. Rd3 Rfc8 17. f3 a5 18. Kh2 a4 19. Rc1 a3 20. Bh3 Bxh3 21. Kxh3 Ne8 22. Be3 Ng7 23. Rcd1 Rd8 24. Rxd8+ Rxd8 25. Rxd8+ Qxd8 26. Qd3 Qxd3 27. cxd3 Ne6 28. Ne2 Bc5 29. Bc1 b4 30. Bd2 Nc7 31. f4 f6 32. fxe5 fxe5 33. g4 Kf7 34. gxh5 gxh5 35. Kg3 Na6 36. Kf3 Ke6 37. Ng3 Bd4 38. Nxh5 c5 39. Ng7+ Kf7 40. Nf5 Nb8 41. Kg4 Nc6 42. Ne3 Bc3 43. Nc4 Nd4 44. Nxe5+ Ke6 45. Nc4 Nxb3 46. Bxc3 bxc3 47. Nxa3 Nc1 48. h5 Nxd3 49. h6 Kf6 50. Kf3 Kg6 51. Ke3 Nb4 52. Nb5 Nxa2 53. Kd3 c4+ 54. Kc2 Kxh6 55. Nxc3 Nb4+ 56. Kd2 Kg6 57. Nd5 Nd3 58. Kc3 Nc5 59. Kxc4 Nxe4 1/2-1/2

[Event "Fagernes GM-A 2019"]
[Site "Fagernes"]
[Date "2019.04.15"]
[Round "2.14"]
[White "Nordquelle, Daniel"]
[Black "Lindbol, Aleksander"]
[Result "0-1"]
[ECO "B12"]
[WhiteElo "2264"]
[BlackElo "2139"]
[Annotator "NA"]
[PlyCount "90"]
[EventDate "2019.04.14"]
[EventType "tourn"]
[EventCountry "NOR"]
[SourceTitle "playchess.com"]
[Source "ChessBase"]
[SourceQuality "1"]
[TimeControl "40/7200:3600"]

1. e4 c6 2. d4 d5 3. e5 Bf5 4. h4 h5 5. c4 e6 6. Nc3 Ne7 7. Nge2 Nd7 8. Ng3 Bg6 9. Bg5 Qb6 10. Na4 Qc7 11. c5 b6 12. b4 f6 13. exf6 gxf6 14. Be3 bxc5 15. bxc5 $11 f5 16. Ne2 Bg7 17. Nf4 Bf7 18. Be2 Nf6 19. f3 e5 20. dxe5 Qxe5 21. Kf2 d4 22. Bd2 Bh6 23. Qc1 Ne4+ 24. fxe4 fxe4 25. Kg1 e3 26. Bxe3 Qxe3+ 27. Qxe3 dxe3 28. Nxh5 Nd5 29. Bf3 Rb8 30. Kh2 Rb4 31. Rhb1 Bxh5 32. Bxh5+ Ke7 33. Rxb4 Nxb4 34. Bf3 Bg7 35. Rb1 Rxh4+ 36. Kg3 Rd4 37. Nc3 Be5+ 38. Kh3 Nd3 39. g3 Nxc5 40. Bxc6 Rd2 41. Ne4 Nxe4 42. Bxe4 Rxa2 43. Re1 Bd4 44. g4 Kf6 45. Kh4 e2 0-1

[Event "Fagernes GM-A 2019"]
[Site "Fagernes"]
[Date "2019.04.15"]
[Round "2.15"]
[White "Abdrlauf, Elham"]
[Black "Dolzhikova, Olga"]
[Result "1-0"]
[ECO "B14"]
[WhiteElo "2123"]
[BlackElo "2231"]
[Annotator "NA"]
[PlyCount "215"]
[EventDate "2019.04.14"]
[EventType "tourn"]
[EventCountry "NOR"]
[SourceTitle "playchess.com"]
[Source "ChessBase"]
[SourceQuality "1"]
[TimeControl "40/7200:3600"]

1. e4 g6 2. d4 Bg7 3. Nf3 c5 4. c3 cxd4 5. cxd4 d5 6. exd5 Nf6 7. Nc3 O-O 8. Bc4 Nbd7 9. d6 exd6 10. O-O Nb6 11. Bb3 Bf5 12. Bf4 a6 13. Re1 Rc8 14. h3 $11 Rc7 15. g4 Bc8 16. Qd3 Re7 17. Rxe7 Qxe7 18. Re1 Qd7 19. a4 Na8 20. Ne4 Ne8 21. Nfg5 d5 22. Nc5 Qd8 23. Nf3 Nac7 24. Bg5 f6 25. Bd2 Kh8 26. a5 Nd6 27. Bf4 Ndb5 28. Re3 Re8 29. Rxe8+ Qxe8 30. Qe3 Qxe3 31. fxe3 Kg8 32. e4 f5 33. Bxc7 Nxc7 34. exd5 fxg4 35. d6+ Kf8 36. hxg4 Nb5 37. d7 Bxd7 38. Nxd7+ Ke7 39. Nb6 Nxd4 40. Bd5 Nxf3+ 41. Bxf3 Bxb2 42. Bxb7 h5 43. Bxa6 hxg4 44. Bb7 Bd4+ 45. Kg2 Kd6 46. Nc4+ Kc5 47. Nd2 Kb5 48. a6 Kb6 49. Kg3 Kc7 50. Kxg4 Bg1 51. Nc4 Bf2 52. Kg5 Bg1 53. Kxg6 Bf2 54. Kf5 Bg1 55. Ke5 Bf2 56. Kd5 Bg1 57. Ke4 Bf2 58. Kd3 Bg1 59. Kc3 Bf2 60. Kb4 Bg1 61. Kb5 Bf2 62. Nd2 Be3 63. Ne4 Ba7 64. Bc6 Bb8 65. Nc5 Ba7 66. Bg2 Kd6 67. Nb7+ Kc7 68. Na5 Bf2 69. Nc6 Bg1 70. Bh3 Kd6 71. Bg2 Kc7 72. a7 Bxa7 73. Nxa7 Kd6 74. Nc6 Ke6 75. Kc5 Kf6 76. Kd5 Kf5 77. Be4+ Kf6 78. Kd6 Kf7 79. Ke5 Kg7 80. Kf5 Kf7 81. Bd5+ Kg7 82. Kg5 Kh8 83. Be4 Kg7 84. Bg6 Kh8 85. Kf6 Kg8 86. Ne5 Kh8 87. Nf7+ Kg8 88. Bf5 Kf8 89. Bh7 Ke8 90. Ne5 Kd8 91. Ke6 Kc7 92. Nd7 Kc6 93. Bd3 Kc7 94. Bb5 Kd8 95. Bd3 Kc7 96. Be4 Kd8 97. Kd6 Kc8 98. Nc5 Kd8 99. Bg6 Kc8 100. Be8 Kd8 101. Bb5 Kc8 102. Bd7+ Kb8 103. Kc6 Ka7 104. Kc7 Ka8 105. Bc8 Ka7 106. Nd7 Ka8 107. Nb8 Ka7 108. Nc6+ 1-0

[Event "Fagernes GM-A 2019"]
[Site "Fagernes"]
[Date "2019.04.15"]
[Round "2.16"]
[White "Andersen, Morten"]
[Black "Lillevold, Frode"]
[Result "1-0"]
[ECO "E05"]
[WhiteElo "2223"]
[BlackElo "2076"]
[Annotator "NA"]
[PlyCount "82"]
[EventDate "2019.04.14"]
[EventType "tourn"]
[EventCountry "NOR"]
[SourceTitle "playchess.com"]
[Source "ChessBase"]
[SourceQuality "1"]
[TimeControl "40/7200:3600"]

1. d4 d5 2. c4 e6 3. Nf3 Be7 4. g3 Nf6 5. Bg2 O-O 6. O-O dxc4 7. Qc2 a6 8. a4 Nbd7 9. Nbd2 c5 10. dxc5 Bxc5 11. Nxc4 {[%emt 0:01:51] E05: Open Catalan: 5 Nf3 Be7} Qe7 12. Bf4 (12. e4 e5 13. b3 Ne8 14. Ne3 Bxe3 15. fxe3 Ndf6 16. Ba3 Nd6 17. Rad1 Rd8 18. Rd3 Bg4 19. Nh4 Rd7 20. h3 Be6 21. Qc5 Rad8 22. Qxe5 Bc4 23. Qxe7 Bxd3 24. Qxd8+ Rxd8 25. Rd1 {1-0 (25) Mikhalevski,V (2592)-Battaglini,G (2341) Philadelphia 2008}) 12... h6 13. Rfd1 $146 ({Predecessor:} 13. Nfe5 Nd5 14. Bd2 Nxe5 15. Nxe5 Qc7 16. Nc4 Bd7 17. Rac1 Rac8 18. Qb3 b5 19. axb5 Bxb5 {½-½ (31) Minero Pineda,S (2405)-Lacayo,R (2245) Guatemala City 2000}) 13... Ng4 14. Bd6 Bxd6 15. Nxd6 Nb6 16. Qc5 Nd5 17. Rac1 b6 18. Qa3 Rd8 19. Nc4 $16 ({Don't do} 19. Nxc8 Qxa3 20. bxa3 Raxc8 $14) 19... Qxa3 20. bxa3 Bb7 21. e4 Ndf6 22. h3 Nxf2 23. Kxf2 Nxe4+ 24. Ke3 Nxg3 25. Nxb6 Nf5+ 26. Kf2 Rab8 27. a5 e5 28. Nd7 Bxf3 29. Bxf3 Rb2+ 30. Kg1 Re8 31. Rb1 Ra2 32. Rb8 Rxb8 33. Nxb8 Nd4 34. Rd3 Rd2 35. Be4 Rb2 36. Nxa6 f5 37. Bd5+ Kh7 38. Nb4 Ne2+ 39. Kf1 e4 40. Rb3 Rxb3 41. Bxb3 Ng3+ 1-0

[Event "Fagernes GM-A 2019"]
[Site "Fagernes"]
[Date "2019.04.15"]
[Round "2.18"]
[White "Nielsen, Andre"]
[Black "Fuglestein, Sander"]
[Result "1-0"]
[ECO "B15"]
[WhiteElo "2201"]
[BlackElo "2000"]
[Annotator "NA"]
[PlyCount "117"]
[EventDate "2019.04.14"]
[EventType "tourn"]
[EventCountry "NOR"]
[SourceTitle "playchess.com"]
[Source "ChessBase"]
[SourceQuality "1"]
[TimeControl "40/7200:3600"]

1. e4 c6 2. d4 d5 3. Nc3 dxe4 4. Nxe4 Nf6 5. Nxf6+ exf6 6. Bc4 Bd6 7. Qe2+ Be7 8. Nf3 O-O 9. O-O Bd6 10. Re1 Na6 11. Nd2 Nc7 12. Ne4 Re8 13. Qh5 Be6 14. Nxd6 Qxd6 15. Bd3 g6 16. Qh4 Bd7 (16... Bc4 $11 17. Rxe8+ Rxe8 18. Bxc4 Re1+ 19. Bf1 Qe6) 17. Bd2 b5 18. c3 Nd5 $14 19. b3 Rxe1+ 20. Rxe1 Re8 21. Rxe8+ Bxe8 22. c4 bxc4 23. bxc4 Ne7 24. Qf4 Qxf4 25. Bxf4 Bd7 26. Bd6 Nc8 27. Bc5 Nb6 28. Kf1 f5 29. Ke2 Be6 30. Bxb6 axb6 31. a4 Kf8 32. Kd2 c5 33. Kc3 Ke7 34. dxc5 bxc5 35. Be2 Kd6 36. Bf3 Bc8 37. Bd5 f6 38. a5 Kc7 39. g3 Kb8 40. Bc6 Kc7 41. Be8 Bb7 42. Kb3 Kd8 43. Bb5 Kc7 44. Ka4 Bc8 45. Be8 Kd8 46. Bc6 Ba6 47. Bb5 Bc8 48. a6 Kc7 49. a7 Bb7 50. Ka5 Be4 51. Be8 Kb7 52. Kb5 Kxa7 53. Kxc5 Kb7 54. Kd6 Kb8 55. c5 Bb7 56. c6 Bc8 57. Bd7 h5 58. Bxc8 Kxc8 59. Ke6 1-0

[Event "Fagernes GM-A 2019"]
[Site "Fagernes"]
[Date "2019.04.15"]
[Round "2.19"]
[White "Grover, Sigurd Loe"]
[Black "Skotheim, Andreas"]
[Result "0-1"]
[ECO "D05"]
[WhiteElo "2020"]
[BlackElo "2182"]
[Annotator "NA"]
[PlyCount "98"]
[EventDate "2019.04.14"]
[EventType "tourn"]
[EventCountry "NOR"]
[SourceTitle "playchess.com"]
[Source "ChessBase"]
[SourceQuality "1"]
[TimeControl "40/7200:3600"]

1. d4 Nf6 2. Nf3 d5 3. e3 e6 4. Bd3 c5 5. O-O Nc6 6. b3 cxd4 7. exd4 Be7 8. Bb2 O-O 9. Ne5 Qc7 10. a3 Nd7 11. Qe2 Ncxe5 12. dxe5 Nc5 13. a4 Nxd3 14. cxd3 Bd7 15. Ba3 Bxa3 16. Nxa3 Rfc8 17. Ra2 Qc3 18. Rb1 a6 $15 19. Nc2 b5 20. Ne1 bxa4 21. bxa4 Rab8 22. Rba1 Rb4 23. Ra3 Rb3 24. Rxb3 Qxa1 25. Kf1 Bxa4 26. Qb2 Qxb2 27. Rxb2 Bb5 28. Ke2 g5 29. Rc2 Rxc2+ 30. Nxc2 f6 31. exf6 Kf7 32. Ke3 Kxf6 33. d4 Bc4 34. f4 h6 35. g3 Kf5 36. Kf3 gxf4 37. gxf4 a5 38. Ne3+ Kf6 39. Nc2 Bb3 40. Na3 Kf5 41. h3 Bc4 42. Nc2 Bd3 43. Ne3+ Kg6 44. Ng4 Bc4 45. Ne3 a4 46. Nc2 Bd3 47. Na3 Kf5 48. h4 Bc4 49. Nc2 Bb3 0-1